Map: Dreamcatcher LE

Players

Namshar

  • Race: Zerg Zerg
  • League: Master
  • Spawn Location: 11:00

MarineLorD - Winner!

  • Race: Terran Terran
  • League: Master
  • Spawn Location: 5:00

Event: HomeStory Cup XVIII

VOD

Have the link to the VOD?

Description

Time

  • Played on: Nov. 22, 2018, 9:04 a.m.
  • Length: 11:45

All games in this series

Show
View Real Time Build Order
Export as new Build Order

Namshar Zerg 

Build Orders: Pool First 

Get SALT Encoding   

  12  0:00  Drone  
  13  0:12  Overlord  
  13  0:17  Drone  
  14  0:30  Drone  
  14  0:31  Drone  
  14  0:34  Drone  
  17  0:44  Spawning Pool  
  17  0:47  Drone  
  17  1:07  Hatchery  
  17  1:10  Extractor  
  15  1:12  Drone  
  15  1:15  Drone  
  15  1:18  Drone  
  18  1:30  Zergling x2  
  19  1:36  Queen  
  19  1:39  Overlord  
  21  1:52  Drone  
  22  2:04  Drone  
  23  2:11  Queen, Metabolic Boost  
  25  2:19  Drone x2  
  27  2:29  Drone  
  27  2:34  Drone x2  
  29  2:43  Hatchery  
  28  2:46  Drone  
  28  2:47  Queen  
  31  2:54  Overlord  
  31  2:58  Drone x2  
  33  3:06  Overlord  
  33  3:07  Drone x2  
  35  3:17  Overlord  
  35  3:18  Queen  
  37  3:21  Drone x3  
  37  3:23  Drone  
  41  3:28  Queen  
  43  3:35  Overlord  
  43  3:40  Drone x2  
  45  3:42  Zergling x2  
  46  3:49  Overlord  
  46  3:54  Queen  
  48  3:56  Queen  
  48  3:58  Drone x3, Zergling x2  
  48  3:59  Zergling x2  
  48  4:00  Zergling x2  
  56  4:04  Zergling x4  
  58  4:11  Zergling x6  
  61  4:19  Zergling x2  
  61  4:20  Drone x2  
  64  4:28  Overlord x2  
  64  4:29  Drone x4  
  68  4:36  Queen  
  68  4:38  Zergling x2  
  71  4:39  Baneling Nest, Zergling x2  
  71  4:40  Zergling x2  
  71  4:41  Overlord  
  71  4:43  Drone  
  73  4:55  Overlord  
  73  4:56  Drone x3  
  73  4:57  Drone x2  
  78  5:00  Extractor  
  78  5:01  Extractor  
  78  5:05  Drone x2  
  78  5:11  Drone  
  78  5:12  Drone x3, Spore Crawler x2  
  78  5:13  Drone, Spore Crawler  
  80  5:21  Zergling x2  
  80  5:23  Drone x4  
  85  5:29  Lair  
  85  5:30  Evolution Chamber  
  85  5:32  Evolution Chamber  
  83  5:39  Drone x9  
  92  5:44  Extractor, Drone x4  
  95  5:51  Extractor  
  94  5:57  Baneling  
  94  5:58  Baneling x5  
  94  5:59  Queen  
  94  6:01  Drone x2  
  91  6:06  Drone x3  
  91  6:08  Baneling x2  
  89  6:18  Drone x2  
  89  6:19  Drone x4  
  94  6:29  Drone x2  
  96  6:35  Extractor  
  96  6:36  Drone x2, Zerg Ground Armor Level 1, Hydralisk Den, Zerg Melee Weapons Level 1  
  96  6:40  Drone  
  96  6:43  Centrifical Hooks  
  96  6:44  Zergling x2  
  96  6:45  Hatchery  
  96  6:46  Overlord  
  97  6:48  Overlord  
  97  6:55  Overlord x3  
  97  6:59  Overlord  
  97  7:03  Queen  
  98  7:08  Zergling x2  
  98  7:09  Zergling x12  
  98  7:15  Zergling x12  
  92  7:16  Queen  
  92  7:20  Zergling x2  
  92  7:21  Zergling x6  
  88  7:33  Queen  
  75  7:38  Zergling x4  
  75  7:39  Queen, Zergling x10  
  76  7:46  Drone  
  76  7:47  Drone x3  
  76  7:52  Queen  
  78  8:02  Queen  
  78  8:05  Hydralisk x4  
  79  8:06  Hydralisk  
  79  8:12  Queen  
  88  8:19  Muscular Augments  
  84  8:24  Queen  
  81  8:29  Baneling x4  
  81  8:30  Baneling  
  81  8:31  Drone  
  82  8:35  Drone x4  
  82  8:36  Drone  
  82  8:39  Zerg Missile Weapons Level 1  
  82  8:40  Drone  
  88  8:45  Hydralisk x2  
  92  8:53  Hydralisk x3  
  94  9:09  Drone x9  
  106  9:10  Drone x4  
  106  9:15  Drone x2  
  106  9:16  Hydralisk x2  
  113  9:18  Zergling x2  
  113  9:23  Zergling x2  
  113  9:24  Zergling x2  
  116  9:30  Grooved Spines  
  113  9:40  Hydralisk x4  
  113  9:41  Zergling x2  
  113  9:44  Queen, Drone  
  123  9:48  Drone x3  
  123  9:50  Zergling x14  
  133  9:53  Zergling x2  
  134  10:07  Zergling x8  
  134  10:13  Baneling x4  
  137  10:15  Drone  
  137  10:17  Hatchery, Zergling x2  
  137  10:18  Zergling x14  
  137  10:20  Baneling x4  
  145  10:23  Hatchery, Baneling  
  140  10:28  Zergling x2  
  140  10:29  Zergling x8  
  140  10:32  Zergling x8  
  149  10:40  Zergling x4  
  148  10:47  Zergling x6  
  148  10:48  Zergling x10  
  151  10:55  Infestation Pit, Drone  
  151  10:56  Drone  
  147  10:57  Queen  
  147  11:00  Baneling x8  
  147  11:01  Zergling x8  
  147  11:03  Overlord x4  
  151  11:08  Baneling x3  
  151  11:16  Overlord x2  
  151  11:19  Zergling x2  
  140  11:27  Zergling x2  
  140  11:28  Zergling x10  
Show
View Real Time Build Order
Export as new Build Order

MarineLorD Terran - Winner!

Build Orders: Liberator Opening, Reaper Expand 

Get SALT Encoding   

  12  0:00  SCV  
  13  0:12  SCV  
  14  0:16  Supply Depot  
  14  0:24  SCV  
  15  0:38  SCV  
  15  0:39  Barracks  
  16  0:48  Refinery  
  16  0:50  SCV  
  17  1:02  SCV  
  18  1:14  SCV  
  19  1:26  Orbital Command  
  19  1:30  Reaper  
  20  1:38  Command Center  
  20  1:48  Supply Depot  
  20  1:53  SCV  
  21  2:02  Marine  
  21  2:04  Refinery  
  21  2:05  SCV  
  23  2:12  Factory  
  23  2:17  SCV  
  24  2:27  Barracks Reactor  
  24  2:29  SCV  
  25  2:41  SCV  
  26  2:50  Orbital Command  
  26  2:53  SCV  
  27  2:58  Starport  
  28  3:05  SCV  
  28  3:06  Refinery  
  28  3:08  Hellion x2  
  28  3:09  Barracks Tech Lab  
  32  3:16  SCV  
  32  3:17  SCV  
  34  3:22  Liberator  
  34  3:27  Supply Depot  
  34  3:28  Marine, SCV  
  34  3:29  SCV  
  40  3:41  SCV  
  40  3:42  SCV  
  40  3:46  Fusion Core  
  42  3:51  Hellion x2  
  42  3:53  SCV  
  42  3:54  SCV  
  48  3:55  Supply Depot  
  48  4:05  SCV  
  48  4:06  SCV  
  48  4:07  Barracks Tech Lab  
  50  4:17  SCV  
  50  4:18  Supply Depot, SCV  
  50  4:23  Hellion x2  
  56  4:29  SCV  
  56  4:30  SCV  
  58  4:36  Supply Depot  
  58  4:41  Supply Depot  
  58  4:42  Battlecruiser, SCV  
  65  4:47  SCV  
  66  4:55  SCV  
  66  4:58  Marine x2  
  66  4:59  Siege Tank  
  72  5:00  SCV  
  72  5:03  Supply Depot  
  72  5:04  Supply Depot  
  73  5:07  SCV  
  73  5:08  Weapon Refit  
  73  5:12  Supply Depot, SCV  
  75  5:16  Marine x2  
  75  5:19  SCV  
  78  5:24  SCV  
  78  5:26  Supply Depot  
  79  5:31  Siege Tank  
  79  5:34  Marine x2  
  79  5:35  SCV  
  85  5:42  SCV  
  86  5:45  Command Center  
  87  5:50  SCV  
  87  5:53  Battlecruiser  
  87  5:55  SCV  
  94  5:57  Marine  
  94  6:02  SCV  
  96  6:06  Marine  
  96  6:07  Siege Tank, SCV  
  101  6:14  Refinery, SCV  
  101  6:15  Marine  
  100  6:19  SCV  
  100  6:23  Marine  
  102  6:26  SCV  
  102  6:31  SCV  
  102  6:32  Engineering Bay  
  104  6:33  Engineering Bay, Marine  
  104  6:38  SCV  
  106  6:41  Marine  
  106  6:43  Siege Tank, SCV  
  111  6:50  SCV  
  111  6:51  Marine  
  113  6:55  SCV  
  114  7:01  SCV  
  114  7:02  SCV  
  114  7:07  SCV  
  117  7:14  SCV  
  117  7:15  Siege Tank  
  113  7:20  Barracks, SCV  
  113  7:21  Barracks  
  113  7:22  Orbital Command  
  109  7:26  SCV  
  109  7:27  Marine, Terran Infantry Weapons Level 1, Terran Infantry Armor Level 1  
  109  7:28  Stimpack  
  109  7:32  SCV  
  110  7:38  Starport Reactor, SCV  
  110  7:43  Barracks x2  
  110  7:44  SCV  
  99  7:45  Marine  
  99  7:47  Siege Tank  
  99  7:49  SCV  
  99  7:50  SCV  
  105  7:56  SCV  
  106  8:01  SCV  
  106  8:03  Marine, SCV  
  109  8:05  Armory  
  109  8:08  SCV  
  108  8:13  Barracks Reactor  
  108  8:14  Barracks Reactor, SCV  
  108  8:15  SCV  
  109  8:20  SCV  
  109  8:21  Marine  
  112  8:27  SCV  
  112  8:29  Siege Tank  
  112  8:32  SCV  
  112  8:33  Barracks Reactor  
  112  8:34  Medivac x2  
  118  8:37  Orbital Command  
  118  8:38  Marine x2  
  118  8:39  Marine  
  123  8:44  Refinery  
  123  8:50  Marine  
  123  8:52  Marine  
  123  8:53  Marine  
  126  8:56  Marine x2  
  126  8:58  Supply Depot x2  
  126  8:59  Supply Depot x2, Marine  
  126  9:01  Refinery  
  130  9:05  Medivac  
  130  9:07  Marine  
  133  9:11  Marine  
  133  9:12  Terran Vehicle And Ship Armor Level 1, Factory  
  133  9:19  Marine x3  
  133  9:20  Marine, Medivac  
  138  9:25  Supply Depot, Bunker  
  138  9:28  Marine  
  138  9:29  Combat Shield  
  139  9:33  Marine x2  
  139  9:34  Marine  
  139  9:37  Marine  
  143  9:38  Marine  
  143  9:39  Marine x3  
  143  9:40  Siege Tank  
  150  9:45  Marine  
  150  9:50  Command Center  
  150  9:51  Marine x2  
  150  9:52  Marine  
  154  9:55  Marine  
  154  9:56  Marine x3  
  154  9:57  Marine  
  154  9:58  Medivac x2  
  163  10:03  Marine  
  164  10:09  Marine x3  
  164  10:13  Marine  
  168  10:14  Marine  
  168  10:16  Marine  
  168  10:17  Marine x2  
  168  10:21  Factory Reactor, Marine  
  173  10:30  Supply Depot, Sensor Tower  
  173  10:31  Supply Depot  
  173  10:32  Widow Mine, Marine x3, Medivac  
  173  10:35  Supply Depot  
  180  10:41  Medivac  
  180  10:42  Marauder, Barracks x2  
  180  10:43  Barracks  
  180  10:44  Marine  
  180  10:49  Marine x3  
  181  10:51  Marine x2  
  185  11:02  Widow Mine x3  
  185  11:03  Marauder  
  191  11:05  Marine  
  191  11:06  Marine  
  193  11:15  Marine  
  193  11:17  Marine x2  
  196  11:23  Widow Mine x2  
Tags
 
Add a new tag
Caveats
  • Supply blocks, unpowered buildings, or Contaminate may cause inaccurate times.
  • Supply counts are checked every 10 seconds.